Unix NetHack Version 5.0.0-0 post-release - last build Jun 10 2026 00:39:30 (3ee93aec679c4c4259841fe613dc97188e26a321,branch:main).

Game began 2026-06-19 18:24:46, ended 2026-06-19 18:27:17.

Drastanta, neutral male human Barbarian

        ----------
        |.........#                                              -----
        |........|#    ---------                                 |.[.|
        |........|#    |.......|                                 |...|
        |........|#  ##.........#                                |...|    ###
       #.........|# ## |.......|#              -----------       |...-#   --.-
       #----------###  ------+--#              |.........|       -.---#   |..|
       #          #             #              |.........|        #   #   |..|
       #         ##             #              |........d|        #   ##  |..|
       #     ######             #             #-.........|        #    ###...|
       ####  #    #             ###   -----   #|......@...##      #       |..|
 ---------#  #    #----.-------   ####....- ###----------- #     ##       ----
 |!!!!!!.|#  #    #|.....<....|       |...|  ###           #### -.---
 |!!!!!!.|#  #    #|....).....|       |....###                ##|...|
 |!!!!!!.-####    #...........|       ....|                    #|>..|
 |!!!!!!.|         |..........|       -----                    #..{.|
 |!!!!!!.|         |..........|                                 |...|
 ---------         ------------                                 |...|
                                                                -----

Drastanta the Pillager     St:18/03 Dx:16 Co:18 In:7 Wi:7 Ch:6  Neutral
Dlvl:2  $:30 HP:38(38) Pw:6(6) AC:7  Xp:3 T:541 

Latest messages:
 You kill the goblin!
 Idefix eats a goblin corpse.
 $ - 5 gold pieces (10 in total).
 You hear a door open.
 You hear a door open.
 You hear the chime of a cash register.
 "Hello, Drastanta!  Welcome to Ossipewsk's liquor emporium!"
 You swap places with Idefix.
 You hear someone cursing shoplifters.
 $ - 4 gold pieces (14 in total).
 This door is locked.
 This door is locked.
 This door is locked.
 This door is locked.
 In what direction? 6
 As you kick the door, it crashes open!
 You swap places with Idefix.
 You swap places with Idefix.
 The kobold zombie hits!
 You destroy the kobold zombie!
 You kill the acid blob!
 You are splashed by the acid blob's acid!
 $ - 4 gold pieces (18 in total).
 You swap places with Idefix.
 $ - 10 gold pieces (28 in total).
 You swap places with Idefix.
 You see here a plate mail.
 You swap places with Idefix.
 The door opens.
 The newt bites!
 You miss the newt.
 The newt bites!
 You kill the newt!
 You see here a scroll labeled GHOTI.
 You see here a scroll labeled GHOTI.
 i - a scroll labeled GHOTI.
 What do you want to read? [i or ?*] i
 As you read the scroll, it disappears.
 Who was that Maud person anyway?
 $ - 2 gold pieces (30 in total).
 You swap places with Idefix.
 You swap places with Idefix.
 You kill the grid bug!
 Welcome to experience level 3.
 You kill the grid bug!
 You kill the jackal!
 Idefix eats a jackal corpse.
 You swap places with Idefix.
 Really quit without saving? [yn] (n) y
 Do you want your possessions identified? [ynq] (y) q

Inventory:
 Coins    ('$')
  $ - 30 gold pieces
 Weapons  (')')
  a - a +0 battle-axe (weapon in hands)
  b - a +0 short sword (alternate weapon; not wielded)
 Armor    ('[')
  c - a blessed +0 ring mail (being worn)
 Comestibles  ('%')
  d - an uncursed food ration
 Potions  ('!')
  f - an uncursed potion of paralysis
 Wands    ('/')
  h - a wand of enlightenment (0:14)
 Tools    ('(')
  e - an uncursed oil lamp
  g - an uncursed towel

Drastanta the Barbarian's attributes:

Background:
 You were a Pillager, a level 3 male human Barbarian.
 You were neutral, on a mission for Crom
 who was opposed by Mitra (lawful) and Set (chaotic).
 You were right-handed.
 You were in the Dungeons of Doom, on level 2.
 You entered the dungeon 541 turns ago.
 You had 42 experience points, 38 more were needed to attain level 4.

Basics:
 You had all 38 hit points.
 You had all 6 energy points (spell power).
 Your armor class was 7.
 Your wallet contained 30 zorkmids.
 Autopickup was on for '$' plus thrown.

Final Characteristics:
 Your strength was 18/03 (limit:18/100).
 Your dexterity was 16 (limit:18).
 Your constitution was 18 (limit:18).
 Your intelligence was 7 (limit:18).
 Your wisdom was 7 (limit:18).
 Your charisma was 6 (limit:18).

Final Status:
 You weren't hungry.
 You were unencumbered.
 You were wielding an axe.
 You had basic skill with axe.

Final Attributes:
 You were fervently aligned.
 You were poison resistant.
 You were warded.
 You survived.

Miscellaneous:
 You didn't encounter any bones levels.
 Total elapsed playing time was 2 minutes and 31 seconds.

Major events:
 Turn
    1: Drastanta the neutral male human Barbarian entered the dungeon
  512: attained the rank of Pillager (level 3)
  541: quit

You didn't know any spells.

Skills:
 Fighting Skills
   bare handed combat [Basic]
   two weapon combat  [Unskilled]
   riding             [Unskilled]
 Weapon Skills
   dagger             [Unskilled]
   axe                [Basic]
   pick-axe           [Unskilled]
   short sword        [Basic]
   broadsword         [Unskilled]
   long sword         [Unskilled]
   two-handed sword   [Unskilled]
   saber              [Unskilled]
   club               [Unskilled]
   mace               [Unskilled]
   morning star       [Unskilled]
   flail              [Unskilled]
   hammer             [Unskilled]
   quarterstaff       [Unskilled]
   spear              [Unskilled]
   trident            [Unskilled]
   bow                [Unskilled]
 Spellcasting Skills
   attack spells      [Unskilled]
   escape spells      [Unskilled]

Voluntary challenges:
 Character rerolling was not enabled.
 You followed a strict vegan diet.
 You were an atheist.
 You never genocided any monsters.
 You never polymorphed an object.
 You never changed form.
 You used no wishes.
Achievements:
 You entered a shop.
 You attained the rank of Pillager.

 The Dungeons of Doom: levels 1 to 2
    Level 1:
       A fountain.
    Level 2: <- You were here.
       A potion shop, some fountains.


Vanquished creatures:
 an acid blob
  a jackal
  a kobold
  2 goblins
  3 grid bugs
  3 lichens
  a kobold zombie
  4 newts
16 creatures vanquished.

No species were genocided or became extinct.

Goodbye Drastanta the Barbarian...

You quit in The Dungeons of Doom on dungeon level 2 with 258 points,
and 30 pieces of gold, after 541 moves.
You were level 3 with a maximum of 38 hit points when you quit.

